 Dungeon Crawl Stone Soup version 0.24-a0-115-gd155597332 (webtiles) character file.

Game seed: 0

117 Roikka the Grave Robber (level 4, -2/33 HPs)
             Began as a Demonspawn Necromancer on Feb 16, 2019.
             Slain by an orc
             ... wielding a +0 club
              (4 damage)
             ... on level 3 of the Dungeon on Feb 17, 2019.
             The game lasted 00:23:41 (3351 turns).

Roikka the Grave Robber (Demonspawn Necromancer)    Turns: 3351, Time: 00:23:42

Health: -2/33      AC:  2    Str:  9    XL:     4   Next: 71%
Magic:  0/8        EV: 12    Int: 22    God:
Gold:   86         SH:  0    Dex: 13    Spells: 3/8 levels left

rFire    + . .     SeeInvis .   a - +0 rapier
rCold    . . .     Gourm    .   (no shield)
rNeg     . . .     Faith    .   o - +0 robe
rPois    .         Spirit   .   (no helmet)
rElec    .         Reflect  .   (no cloak)
rCorr    .         Harm     .   (no gloves)
MR       .....                  (no boots)
Stlth    ++........             (no amulet)
HPRegen  0.11/turn              (no ring)
MPRegen  0.11/turn              (no ring)

@: brilliant
A: fire resistance 1, powered by pain 1
a: no special abilities


You were on level 3 of the Dungeon.
You were not hungry.

You visited 1 branch of the dungeon, and saw 3 of its levels.

You collected 86 gold pieces.

Inventory:

Hand Weapons
 a - a +0 rapier (weapon)
 b - a +0 hunting sling
Missiles
 d - 7 tomahawks (quivered)
Armour
 o - a +0 robe (worn)
Jewellery
 h - a cursed ring of attention {unknown}
Scrolls
 f - a scroll of remove curse
 g - 3 scrolls of magic mapping {unknown}
 l - 2 scrolls of blinking {unknown}
 m - a scroll of immolation {unknown}
 n - 2 scrolls of enchant armour {unknown}
 p - a scroll of teleportation {unknown}
 q - 3 scrolls of identify {unknown}
 s - a scroll of fog {unknown}
Potions
 e - a potion of might {unknown}
 i - 2 potions of curing {unknown}
 k - a potion of brilliance
 r - a potion of magic {unknown}
 t - a potion of flight {unknown}
 u - a potion of lignification {unknown}
Comestibles
 c - 7 rations
 j - 4 chunks of flesh


   Skills:
 + Level 1.9 Fighting
 - Level 1.7 Dodging
 - Level 1.7 Stealth
 + Level 2.8 Spellcasting
 * Level 5.7 Necromancy


You had 3 spell levels left.
You knew the following spells:

 Your Spells              Type           Power        Failure   Level  Hunger
a - Pain                  Necr           ####         1%          1    None
b - Animate Skeleton      Necr           N/A          1%          1    None
c - Vampiric Draining     Necr           #####.....   1%          3    ###....

Your spell library contained the following spells:

 Spells                   Type           Power        Failure   Level  Hunger
 Regeneration             Chrm/Necr      ####......   1%          3    ###....
 Animate Dead             Necr           N/A          1%          4    ####...


Dungeon Overview and Level Annotations

Branches:
Dungeon (3/15)

Altars:
Trog


Innate Abilities, Weirdness & Mutations

Your flesh is heat resistant. (rF+)
You sometimes gain a little power by taking damage.


Message History

Aim: an orc wizard, wielding a +0 dagger and wearing a +0 robe (heavily wounded, chance to defeat MR: 81%)
The orc wizard writhes in agony.
The orc hits you but does no damage.
The orc wizard gestures at you while chanting.
The magic dart hits you!
* * * LOW HITPOINT WARNING * * *
Casting: Pain (safe; 1% risk of failure)
Confirm with . or Enter, or press ? or * to list all spells.
You don't have enough magic to cast that spell.
You are too injured to fight recklessly!
As you read the scroll labeled RONOYDEYXT, it crumbles to dust.
You feel blessed for a moment.
It was a scroll of remove curse.
The orc hits you with a +0 club.
* * * LOW HITPOINT WARNING * * *
The orc wizard gestures wildly while chanting.
The orc wizard seems to speed up.
It was a potion of brilliance.
You feel clever all of a sudden.
The orc wizard gestures wildly while chanting.
The orc wizard blinks!
The orc hits you with a +0 club.
You die...

#.Z.....###
# ###.##<.#
#..##.....
#o####.###.#
#.# #.# #.#
#.# #.# #..
##ยง# ##.
#@.# #o##
#o# #.# #.#
#.. ... ###


You could see an orc wizard and 2 orcs.

Vanquished Creatures
  An adder (D:3)
  An ooze (D:1)
  4 worms
  A dart slug (D:1)
  4 orcs
  2 ball pythons
  4 giant cockroaches
  7 goblins
  5 hobgoblins
  10 jackals
  11 kobolds
  A quokka (D:2)
  8 bats
  4 frilled lizards
  11 rats
74 creatures vanquished.

Vanquished Creatures (collateral kills)
  A worm (D:2)
  A giant cockroach (D:3)
  A hobgoblin (D:2)
  5 jackals
  2 frilled lizards
  A goblin (D:2)
  2 rats (D:2)
13 creatures vanquished.

Grand Total: 87 creatures vanquished

Notes
Turn   | Place    | Note
-------+----------+-------------------------------------------
     0 | D:1      | Roikka the Demonspawn Necromancer began the quest for the
                  | Orb.
     0 | D:1      | Reached XP level 1. HP: 13/13 MP: 3/3
     2 | D:1      | Learned a level 1 spell: Animate Skeleton
   267 | D:1      | Gained mutation: You sometimes gain a little power by
                  | taking damage. [demonic ancestry]
   267 | D:1      | Reached XP level 2. HP: 20/20 MP: 5/5
   589 | D:1      | Reached skill level 1 in Fighting
   946 | D:1      | Reached skill level 5 in Necromancy
  1015 | D:1      | Gained mutation: Your flesh is heat resistant. (rF+)
                  | [demonic ancestry]
  1015 | D:1      | Reached XP level 3. HP: 26/26 MP: 4/6
  1026 | D:1      | Learned a level 3 spell: Vampiric Draining
  1796 | D:2      | Noticed a moth of wrath
  1798 | D:2      | Found a bloodstained altar of Trog.
  2189 | D:2      | Reached XP level 4. HP: 27/32 MP: 1/7
  3350 | D:3      | HP: 1/33 [orc/+0 club (2)]
  3351 | D:3      | Slain by an orc

Levels and vault maps discovered:
D:1:      onia_arrival_handbag, layout_rooms,
          hangedman_abyss_or_decor_lesser_grid, minmay_misc_feat_hallway,
          grunt_decor_mini_mirrors, minmay_tetromino_i2
D:2:      layout_basic, tgw_trog, first_ration, minmay_misc_feat_x
D:3:      layout_rooms

Skill      XL: |  1  2 |
---------------+-------+-----
Fighting       | 1 |  1.9
Necromancy     | 5 |  5.7
Dodging        | |  1.7
Stealth        | |  1.7
Spellcasting   | |  2.8

Action                   |  1- 3 |  4- 6 || total
-------------------------+-------+-------++-------
Melee: Unarmed           |     5 |       ||     5
       Short sword       |    26 |       ||    26
       Rapier            |     4 |    69 ||    73
Throw: Tomahawk          |    43 |     1 ||    44
 Cast: Pain              |    57 |    16 ||    73
       Animate Skeleton  |    22 |    16 ||    38
       Vampiric Draining |     1 |     6 ||     7
  Use: Scroll            |       |     1 ||     1
       Potion            |       |     1 ||     1
 Stab: Distracted        |     1 |     2 ||     3
  Eat: Chunk             |     5 |     4 ||     9
Armor: Robe              |    10 |     9 ||    19
Dodge: Dodged            |    27 |    69 ||    96

Table legend:
 A = Non-vault XP
 B = Vault XP
 C = Vault XP percentage of total XP
 D = Non-vault monster count
 E = Vault monster count
 F = Vault count percentage of total count
                 A         B        C        D         E       F
            +---------+---------+-------+---------+---------+-------
      Total |     140 |      28 |  16.7 |      77 |      10 |  11.5
            +---------+---------+-------+---------+---------+-------
        D:1 |      45 |      13 |  22.4 |      28 |       5 |  15.2
        D:2 |      45 |      15 |  25.0 |      28 |       5 |  15.2
        D:3 |      50 |       0 |   0.0 |      21 |       0 |   0.0
            +---------+---------+-------+---------+---------+-------
